 Dungeon Crawl Stone Soup version 0.29-a0-821-g66395355a5 (webtiles) character file.

Game seed: 2834258155224426285

76 blackman the Changer (level 4, -2/32 HPs)
             Began as a Human Transmuter on July 7, 2022.
             Slain by an orc wizard
             ... wielding a +0 dagger
              (4 damage)
             ... on level 3 of the Dungeon.
             The game lasted 00:04:30 (3085 turns).

blackman the Changer (Human Transmuter)             Turns: 3085, Time: 00:04:31

Health: -2/32      AC:  2    Str: 12    XL:     4   Next: 57%
Magic:  3/7        EV: 12    Int: 13    God:
Gold:   121        SH:  0    Dex: 14    Spells: 4/7 levels left

rFire   . . .      SeeInvis .     - Unarmed
rCold   . . .      Faith    .   (no shield)
rNeg    . . .      Spirit   .   a - +0 robe
rPois   .          Reflect  .   (helmet currently unavailable)
rElec   .          Harm     .   (no cloak)
rCorr   .          Rampage  .   (no gloves)
Will    .....                   (boots currently unavailable)
Stlth   +.........              (no amulet)
HPRegen 0.10/turn               (no ring)
MPRegen 0.10/turn               (no ring)

@: appendages (expiring), wereblooded
A: horns 2, talons 2
a: End Transformation


You were on level 3 of the Dungeon.
You had temporarily grown beastly horns and talons.
You visited 1 branch of the dungeon, and saw 3 of its levels.

You collected 121 gold pieces.

Inventory:

Hand Weapons
 n - a +0 dagger of venom
Missiles
 q - 3 javelins
Armour
 a - a +0 robe (worn)
 p - a +0 pair of boots
Jewellery
 i - a ring of protection from fire
Scrolls
 c - 2 scrolls of identify
 d - a scroll of teleportation {unknown}
 e - a scroll of enchant armour {unknown}
 f - a scroll of blinking
 k - a scroll of amnesia {unknown}
 l - a scroll of torment {unknown}
Potions
 b - a potion of mutation {unknown}
 g - a potion of heal wounds {unknown}
 h - a potion of curing {unknown}
 j - a potion of brilliance {unknown}
 m - a potion of flight {unknown}
 o - a potion of attraction {unknown}
 r - a potion of magic {unknown}


   Skills:
 - Level 1.0 Fighting
 - Level 2.0 Dodging
 - Level 3.0 Unarmed Combat
 - Level 2.0 Spellcasting
 * Level 4.4 Transmutations


You had 4 spell levels left.
You knew the following spells:

 Your Spells              Type           Power      Damage    Failure   Level
a - Beastly Appendage     Tmut           24%        N/A       4%          1
b - Wereblood             Tmut           12%        N/A       6%          2

Your spell library contained the following spells:

 Spells                   Type           Power      Damage    Failure   Level
 Spider Form              Tmut/Pois      7%         N/A       30%         3
 Ice Form                 Ice/Tmut       7%         N/A       71%         4


Dungeon Overview and Level Annotations

Branches:
Dungeon (3/15)

Altars:


Innate Abilities, Weirdness & Mutations

You have temporarily grown beastly horns and talons.


Message History

You claw the orc wizard, but do no damage.
The orc hits you but does no damage. The orc misses you.
You barely miss the orc. You claw the orc!
You feel a bit better.
You kill the orc!
The orc wizard closely misses you. The orc closely misses you.
The orc barely misses you.
You hit the orc wizard but do no damage.
You barely miss the orc wizard. Your kick misses the orc wizard.
You headbutt the orc wizard. You punch the orc wizard.
The orc wizard is moderately wounded.
Your transformation is almost over.
The orc barely misses you. The orc wizard barely misses you.
The orc hits you with a +0 club.
You completely miss the orc wizard. Your headbutt misses the orc wizard.
The orc wizard is moderately wounded.
The orc closely misses you.
The orc wizard gestures at you while chanting.
You resist with some effort. The orc hits you with a +0 club.
You hit the orc wizard. You headbutt the orc wizard.
The orc wizard is almost dead.
You howl as the wereblood boils in your veins!
The orc wizard hits you with a +0 dagger.
The orc hits you with a +0 war axe. The orc closely misses you.
Your magical contamination has completely faded away.
You closely miss the orc wizard.
The orc wizard is almost dead.
The orc wizard misses you. The orc hits you with a +0 war axe.
The orc hits you with a +0 club.
You barely miss the orc wizard.
The orc wizard is almost dead.
The orc wizard points at you and mumbles some strange words.
The magic dart hits you.
* * * LOW HITPOINT WARNING * * *
The orc barely misses you. The orc hits you with a +0 club.
* * * LOW HITPOINT WARNING * * *
You barely miss the orc wizard.
The orc wizard is almost dead.
You howl as the wereblood boils in your veins!
The orc wizard hits you with a +0 dagger.
You die...

......# ###.... # ..##
## # ... .### #.#.(
..######### ###.#.#
#.......... ......##
#.......... ### #..#
#####.).o......
#####..###......@o......
.##.)......###..o)......
........#### ###########
..#.....# ..#.)...#
........######
.##..........#
..#..........#
.>#..........#


You could see an orc wizard and 2 orcs.

Vanquished Creatures
  2 adders (D:2)
  A dart slug (D:3)
  5 orcs
  2 endoplasms (D:1)
  4 giant cockroaches
  8 goblins
  2 hobgoblins
  A quokka (D:3)
  4 ball pythons
  5 bats
  5 frilled lizards
  5 kobolds
  6 rats
50 creatures vanquished.

Notes
Turn   | Place    | Note
-------+----------+-------------------------------------------
     0 | D:1      | blackman the Human Transmuter began the quest for the Orb.
     0 | D:1      | Reached XP level 1. HP: 15/15 MP: 3/3
    76 | D:1      | Reached XP level 2. HP: 9/21 MP: 3/5
   510 | D:1      | Reached skill level 3 in Transmutations
   552 | D:1      | Learned a level 2 spell: Wereblood
   859 | D:1      | Found a faded altar of an unknown god.
   896 | D:1      | Reached XP level 3. HP: 26/26 MP: 4/6
  1657 | D:2      | Reached skill level 4 in Transmutations
  1657 | D:2      | Reached XP level 4. HP: 20/32 MP: 7/7
  3085 | D:3      | Slain by an orc wizard

Illustrated notes

Levels and vault maps discovered:
D:1:      psy_arrival_terrarium, layout_rooms,
          hellmonk_ecumenical_altar_inner_sanctum
D:2:      layout_basic
D:3:      layout_rooms

Skill      XL: |  1  2  3 |
---------------+----------+-----
Transmutations | 3 4 |  4.4
Fighting       | |  1.0
Dodging        | |  2.0
Unarmed Combat | |  3.0
Spellcasting   | |  2.0

Action                   |  1- 3 |  4- 6 || total
-------------------------+-------+-------++-------
Melee: Unarmed           |    87 |    69 ||   156
       Kick              |    12 |     9 ||    21
       Punch             |     4 |     2 ||     6
       Headbutt          |     7 |     7 ||    14
 Cast: Beastly Appendage |    13 |     8 ||    21
       Wereblood         |       |     2 ||     2
  Use: Scroll            |       |     2 ||     2
       Potion            |       |     1 ||     1
Armor: Robe              |    13 |    20 ||    33
       Skin              |       |     1 ||     1
Dodge: Dodged            |    60 |    62 ||   122

Table legend: (Time is in decaauts)
 A = Elapsed time spent in this place.
 B = Non-inter-level travel time spent in this place.
 C = Inter-level travel time spent in this place.
 D = Time resting spent in this place.
 E = Time spent auto-exploring this place.
 F = Levels seen in this place.
 G = Mean time per level.
                   A        B        C        D        E       F      G
               +--------+--------+--------+--------+--------+-----+--------+
         Total |   3078 |   2997 |     81 |    567 |   2073 |   3 | 1026.0 |
       Dungeon |   3078 |   2997 |     81 |    567 |   2073 |   3 | 1026.0 |
               +--------+--------+--------+--------+--------+-----+--------+

Top non-repeatable levels by time:
     D:2: 1483 daAuts
     D:1: 1183 daAuts
     D:3: 411 daAuts
